 Dungeon Crawl Stone Soup version 0.30-a0-728-gc68057be0a (webtiles) character file.

Game seed: 13256115505625871337

1983 KleinerIrrer the Basher (level 9, 0/76 HPs)
             Began as a Troll Gladiator on Jan 31, 2023.
             Was a Priest of Okawaru.
             Succumbed to a killer bee's poison
             ... on level 7 of the Dungeon.
             The game lasted 00:11:02 (4933 turns).

KleinerIrrer the Basher (Troll Gladiator)           Turns: 4933, Time: 00:11:02

Health: 0/76       AC:  6    Str: 28    XL:     9   Next: 1%
Magic:  11/11      EV: 10    Int:  4    God:    Okawaru [***...]
Gold:   283        SH:  0    Dex: 15    Spells: 8/8 levels left

rFire   . . .      SeeInvis .    I - +6 hammer of the Scavenger {freeze, rElec Dex+4}
rCold   . . .      Faith    .    (no shield)
rNeg    + . .      Spirit   .    H - +0 robe {rN+}
rPois   .          Reflect  .    c - +0 hat
rElec   +          Harm     .    x - +0 cloak
rCorr   .          Rampage  .    (gloves unavailable)
Will    .....      Rage     3%   (boots unavailable)
Stlth   +                        (no amulet)
HPRegen 1.12/turn                (no ring)
MPRegen 0.12/turn                (no ring)

@: lethally poisoned (0 -> -3), hasted, invisible, very quick
A: large, unfitting armour, claws 3, regeneration 1, shaggy fur 2, tough skin 1,
berserk 1, no potion heal 1
a: Renounce Religion, Heroism


You were on level 7 of the Dungeon.
You worshipped Okawaru.
Okawaru was most pleased with you.
You visited 1 branch of the dungeon, and saw 8 of its levels.

You collected 367 gold pieces.
You spent 84 gold pieces at shops.

Inventory:

Hand Weapons
 a - a +0 flail
 A - a +4 dire flail
 B - a +0 giant club
 I - the +6 hammer of the Scavenger (weapon) {freeze, rElec Dex+4}
   (You found it on level 6 of the Dungeon)

   Dex:       It affects your dexterity (+4).
   rElec:     It insulates you from electricity.
Missiles
 d - 2 throwing nets (quivered)
 e - a large rock
 g - 6 curare-tipped darts
Armour
 c - a +0 hat (worn)
 x - a +0 cloak (worn)
 H - a +0 robe of positive energy (worn)
Jewellery
 v - a ring of flight
 J - a ring of fire
Wands
 i - a wand of quicksilver (4)
 y - a wand of paralysis (13)
 G - a wand of iceblast (11)
Scrolls
 h - a scroll of fog
 j - 2 scrolls of immolation {unknown}
 l - a scroll of enchant armour {unknown}
 n - a scroll of silence {unknown}
 p - 3 scrolls of blinking
 q - 2 scrolls of vulnerability {unknown}
 r - 3 scrolls of teleportation {unknown}
 u - 2 scrolls of noise {unknown}
 w - a scroll of brand weapon {unknown}
 D - 2 scrolls of fear {unknown}
 F - 3 scrolls of identify
Potions
 b - 2 potions of magic {unknown}
 f - 3 potions of mutation
 k - 4 potions of curing
 o - 2 potions of brilliance
 s - 5 potions of attraction
 t - 3 potions of lignification
 z - a potion of haste
 C - a potion of heal wounds
 E - a potion of flight {unknown}


   Skills:
 - Level 1.5 Fighting
 * Level 10.1 Maces & Flails
 - Level 1.7 Throwing
 - Level 2.4 Dodging
 + Level 4.5 Invocations


You had 8 spell levels left.
You didn't know any spells.
Your spell library contained the following spells:

 Spells                   Type           Power      Damage    Failure   Level
 Blink                    Tloc           0%         N/A       65%         2
 Manifold Assault         Tloc           0%         N/A       99%         4
 Storm Form               Tmut/Air       0%         N/A       100%        7


Dungeon Overview and Level Annotations

Branches:
Dungeon (8/15)             Temple (0/1) D:6
   Lair: D:8-11

Altars:
Ashenzari
Dithmenos
Fedhas
Okawaru
Ru
Uskayaw
Xom
Zin

Shops:
D:4 *


Innate Abilities, Weirdness & Mutations

You are too large for most types of armour.
You have claws for hands.
Your natural rate of healing is unusually fast.
You are covered in thick fur. (AC +2)
You have tough skin. (AC +1)
You sometimes lose your temper in combat.
Potions are less effective at restoring your health.


Message History

You feel better. The killer bee closely misses you. The killer bee misses you.
The killer bee barely misses you. The killer bee stings you.
The killer bee closely misses you. The killer bee stings you.
* * * LOW HITPOINT WARNING * * *
You feel yourself speed up. The killer bee misses you.
The killer bee barely misses you. The killer bee closely misses you.
The killer bee stings you but does no damage. x2
The killer bee barely misses you.
You miss the killer bee. The killer bee stings you.
* * * LOW HITPOINT WARNING * * *
You are poisoned.
The killer bee poisons you! The killer bee stings you!
* * * LOW HITPOINT WARNING * * *
The killer bee closely misses you.
You sock the killer bee! You freeze the killer bee.
The killer bee is severely wounded.
You feel sick.
The killer bee stings you but does no damage. x2
The killer bee stings you.
* * * LOW HITPOINT WARNING * * *
You are lethally poisoned!
The killer bee poisons you!
You barely miss the killer bee.
The killer bee is severely wounded.
* * * LOW HITPOINT WARNING * * *
You feel very sick. The killer bee closely misses you.
The killer bee barely misses you. x2
Your system partially rejects the healing.
You feel better.
The killer bee stings you but does no damage. x2
The killer bee stings you.
* * * LOW HITPOINT WARNING * * *
The killer bee barely misses you. The killer bee stings you.
* * * LOW HITPOINT WARNING * * *
The killer bee stings you.
* * * LOW HITPOINT WARNING * * *
You are lethally poisoned!
The killer bee poisons you!
You fade into invisibility!
You die...

...#.....#.....#.....#...#.......
...#.....#.....#.....#.))#.......
...#.....'.....#.....#.).'.......
...#.....#.....#.....#...#.......
#####'####.....###'####'##.......
....#....####.............#######
....#.......#.............#
...)#.......#..yyy........#
....))......#...@.........#
....#.......#.............#
....#########.............# #####
###############


You could see 3 killer bees.

Vanquished Creatures
  A water moccasin (D:7)
  A sky beast (D:7)
  A black bear (D:7)
  2 ice beasts
  An ogre (D:5)
  A centaur (D:4)
  A phantom (D:6)
  A necrophage (D:6)
  A bullfrog (D:7)
  9 wights
  2 killer bees (D:8)
  A howler monkey (D:7)
  2 hounds
  An orc priest (D:7)
  Crazy Yiuf (D:6)
  A gnoll bouda (D:7)
  4 iguanas
  3 orc wizards
  Robin (D:2)
  4 gnolls (D:7)
  7 adders
  2 white imps
  An ufetubus (D:5)
  2 dart slugs
  18 orcs
  2 ball pythons
  3 bats
  6 endoplasms
  2 giant cockroaches
  11 goblins
  9 hobgoblins
  7 kobolds
  4 quokkas
  4 frilled lizards
  7 rats
124 creatures vanquished.

Vanquished Creatures (others)
  3 plants (D:4)
3 creatures vanquished.

Grand Total: 127 creatures vanquished

Notes
Turn   | Place    | Note
-------+----------+-------------------------------------------
     0 | D:1      | KleinerIrrer the Troll Gladiator began the quest for the
                  | Orb.
     0 | D:1      | Reached XP level 1. HP: 19/19 MP: 0/0
    70 | D:1      | Found a faded altar of an unknown god.
    91 | D:1      | Reached skill level 3 in Maces & Flails
   217 | D:1      | Reached XP level 2. HP: 27/27 MP: 1/1
   677 | D:1      | Reached XP level 3. HP: 33/33 MP: 2/2
   806 | D:2      | Reached skill level 4 in Maces & Flails
   965 | D:2      | Noticed Robin
   969 | D:2      | HP: 1/33 [goblin/bolt of dispelling energy[Robin] (8)]
   981 | D:2      | Gained mutation: You have a pair of small horns on your
                  | head. [potion of mutation]
   981 | D:2      | Gained mutation: You sometimes lose your temper in combat.
                  | [potion of mutation]
   981 | D:2      | Gained mutation: You are strong-willed. (Will+) [potion of
                  | mutation]
   990 | D:2      | Killed Robin
   995 | D:2      | Reached XP level 4. HP: 23/41 MP: 3/3
  1744 | D:3      | Lost mutation: You have a pair of small horns on your head.
                  | [potion of mutation]
  1744 | D:3      | Lost mutation: You are strong-willed. (Will+) [potion of
                  | mutation]
  1744 | D:3      | Gained mutation: Potions are less effective at restoring
                  | your health. [potion of mutation]
  1744 | D:3      | Gained mutation: You have hidden genetic potential. [potion
                  | of mutation]
  1744 | D:3      | Lost mutation: You have hidden genetic potential. [potion
                  | of mutation]
  1744 | D:3      | Gained mutation: You are covered in thick fur. (AC +2)
                  | [potion of mutation]
  1777 | D:4      | Reached skill level 5 in Maces & Flails
  1777 | D:4      | Reached XP level 5. HP: 38/48 MP: 4/4
  1869 | D:4      | Found Ugyul's General Store.
  1900 | D:4      | Found a glowing silver altar of Zin.
  1991 | D:4      | Found an iron altar of Okawaru.
  2001 | D:4      | Became a worshipper of Warmaster Okawaru
  2055 | D:4      | Noticed a centaur
  2074 | D:4      | Killed a centaur
  2512 | D:4      | Bought a potion of lignification for 42 gold pieces
  2512 | D:4      | Bought a throwing net for 42 gold pieces
  2576 | D:5      | Entered Level 5 of the Dungeon
  2584 | D:5      | Reached skill level 6 in Maces & Flails
  2588 | D:5      | Noticed an ogre
  2601 | D:5      | Killed an ogre
  2601 | D:5      | Reached * piety under Okawaru
  2602 | D:5      | Reached XP level 6. HP: 55/55 MP: 5/5
  2653 | D:5      | Noticed an ice beast
  2664 | D:5      | Killed an ice beast
  2714 | D:5      | Reached skill level 7 in Maces & Flails
  3200 | D:5      | Reached XP level 7. HP: 62/62 MP: 6/6
  3385 | D:6      | Reached skill level 1 in Invocations
  3401 | D:6      | Found a staircase to the Ecumenical Temple.
  3436 | D:6      | Reached skill level 8 in Maces & Flails
  3537 | D:6      | Found a sacrificial altar of Ru.
  3541 | D:6      | Found a shadowy altar of Dithmenos.
  3541 | D:6      | Found a blossoming altar of Fedhas.
  3554 | D:6      | Found a shimmering altar of Xom.
  3557 | D:6      | Found a broken altar of Ashenzari.
  3621 | D:6      | Found a runed translucent door.
  3622 | D:6      | Noticed Crazy Yiuf
  3628 | D:6      | Killed Crazy Yiuf
  3628 | D:6      | Reached ** piety under Okawaru
  3633 | D:6      | Identified the +6 hammer of the Scavenger {freeze, rElec
                  | Dex+4}
  4096 | D:7      | Reached XP level 8. HP: 48/70 MP: 7/9
  4119 | D:7      | Found a hide-covered altar of Uskayaw.
  4471 | D:7      | Reached skill level 9 in Maces & Flails
  4571 | D:7      | Reached *** piety under Okawaru
  4849 | D:7      | Reached skill level 10 in Maces & Flails
  4923 | D:8      | Reached XP level 9. HP: 46/76 MP: 11/11
  4932 | D:7      | HP: 1/76 [killer bee (3)]
  4933 | D:7      | Succumbed to a killer bee's poison

Illustrated notes

Levels and vault maps discovered:
D:1:      dpeg_arrival_stone_temple_mockup, layout_basic,
          ebering_ecumenical_altar_webs
D:2:      layout_rooms, guppyfry_early_lair_pool, uniq_robin
D:3:      layout_rooms
D:4:      layout_loops_ring, mainiacjoe_overflow_boulevard,
          mainiacjoe_overflow_alcove_1, serial_shops,
          nicolae_inconvenience_store
D:5:      layout_loops_ring
D:6:      layout_basic, minmay_overflow_temple_star_hex,
          minmay_temple_entry_mist, serial_corexii_hall, corexii_hall_statues_t,
          corexii_hall_statues_i, chequers_hall_statues_wall_a,
          corexii_hall_statues_l, corexii_hall_statues_s,
          corexii_hall_statues_i, serial_park_tiny_1, uniq_crazy_yiuf_cottage
D:7:      layout_gridville, mainiacjoe_overflow_brackets, corexii_checkpoint_b
D:8:      layout_loops_ring

Skill      XL: |  1  2  3  4  5  6  7  8 |
---------------+-------------------------+-----
Maces & Flails | 3 4 5 6 7 8 10 | 10.1
Invocations    | 2 4 |  4.5
Fighting       | |  1.5
Throwing       | |  1.7
Dodging        | |  2.4

Action                     |  1- 3 |  4- 6 |  7- 9 || total
---------------------------+-------+-------+-------++-------
  Melee: Flail             |   111 |    94 |       ||   205
         Punch             |     2 |     1 |     2 ||     5
         Headbutt          |     1 |     8 |       ||     9
         Giant club        |       |    67 |    43 ||   110
         Dire flail        |       |       |    15 ||    15
         Mace              |       |       |   103 ||   103
  Throw: Throwing net      |       |     2 |       ||     2
    Use: Potion            |     5 |     1 |     5 ||    11
         Scroll            |       |     6 |       ||     6
   Stab: Sleeping          |     2 |       |     1 ||     3
 Armour: Robe              |    57 |    72 |    83 ||   212
  Dodge: Dodged            |    78 |   100 |    82 ||   260

Table legend: (Time is in decaauts)
 A = Elapsed time spent in this place.
 B = Non-inter-level travel time spent in this place.
 C = Inter-level travel time spent in this place.
 D = Time resting spent in this place.
 E = Time spent auto-exploring this place.
 F = Levels seen in this place.
 G = Mean time per level.
                   A        B        C        D        E       F      G
               +--------+--------+--------+--------+--------+-----+--------+
         Total |   5081 |   4878 |    203 |     58 |   3791 |   8 |  635.1 |
       Dungeon |   5081 |   4878 |    203 |     58 |   3791 |   8 |  635.1 |
               +--------+--------+--------+--------+--------+-----+--------+

Top non-repeatable levels by time:
     D:4: 844 daAuts
     D:6: 834 daAuts
     D:7: 807 daAuts
     D:1: 806 daAuts
     D:5: 779 daAuts
     D:3: 527 daAuts
     D:2: 468 daAuts
     D:8: 13 daAuts
